AoeStats
← All Conquistadors Are BSTRD

Oasis

509565833Analyzed
2v2 RM · 6d ago on Sep 27, 2026· 61m 39s· 4 players
Game mode
Random Map
Map size
Medium (4 player)
Population
200
Speed
Normal
Resources
Standard
Victory
Conquest
Starting age
Dark Age
Ending age
Imperial Age
RankedLock teamsTeams togetherTeam positionsShared explorationLock speedFull tech treeHidden civsTurbo modeCheats
Victory
Defeat
🇮🇳 Saxons · India
1299
+17
🇦🇺 Persians · Australia
1222
+20
1348
-19
🇺🇸 Mongols · United States
1298
-18
All Conquistadors Are BSTRD
8:00 Loom
9:45 Feudal Age
10:12 Man-at-Arms
15:18 Wheelbarrow
15:19 Scale Barding Armor
17:54 Forging
17:42 Horse Collar
17:49 Double-Bit Axe
22:19 Castle Age
21:07 Bloodlines
20:59 Gold Mining
23:30 Chain Barding Armor
23:22 Forging
24:03 Husbandry
25:31 Hand Cart
26:57 Town Watch
34:32 Bow Saw
35:56 Gold Shaft Mining
39:24 Iron Casting
42:18 Stone Mining
47:05 Imperial Age
46:13 Elite Skirmisher
46:59 Thumb Ring
46:56 Padded Archer Armor
46:46 Fletching
48:02 Leather Archer Armor
48:20 Ballistics
49:00 Chemistry
49:13 Masonry
Returned_Legend
6:52 Loom
11:39 Feudal Age
12:39 Horse Collar
12:25 Man-at-Arms
12:57 Double-Bit Axe
20:48 Castle Age
19:05 Gold Mining
19:53 Forging
20:24 Bloodlines
21:32 Husbandry
22:11 Iron Casting
22:43 Scale Barding Armor
23:50 Bow Saw
26:34 Chain Barding Armor
28:54 Gold Shaft Mining
28:40 Pikeman
30:03 Stone Mining
31:50 Wheelbarrow
33:37 Hand Cart
34:13 Squires
37:27 Imperial Age
35:10 Scale Mail Armor
36:40 Chain Mail Armor
37:13 Stone Shaft Mining
36:57 Town Watch
38:39 Conscription
38:25 Heavy Plow
39:34 Blast Furnace
38:41 Arson
39:29 Plate Mail Armor
40:00 Capped Ram
40:58 Fletching
45:16 Masonry
45:03 Murder Holes
45:58 Bodkin Arrow
46:23 Padded Archer Armor
49:51 Hoardings
51:53 Cavalier
53:07 Onager
56:41 Bracer
57:39 Hoardings
57:28 Ballistics
58:03 Elite Skirmisher
58:04 Crossbowman
58:04 Crossbowman
59:39 Arbalester
E.A.G.L.E
7:28 Loom
9:14 Feudal Age
10:03 Horse Collar
19:44 Castle Age
18:27 Scale Barding Armor
19:14 Bloodlines
20:51 Double-Bit Axe
22:19 Wheelbarrow
24:46 Town Watch
25:34 Husbandry
30:13 Hand Cart
36:29 Imperial Age
34:08 Fletching
34:28 Forging
36:39 Iron Casting
36:08 Cavalier
37:09 Chain Barding Armor
39:01 Plate Barding Armor
39:27 Blast Furnace
38:50 Savar
40:06 Masonry
40:57 Chemistry
45:01 Blast Furnace
49:37 Bodkin Arrow
51:10 Bow Saw
51:01 Heavy Plow
53:25 Architecture
56:02 Caravan
Anath3mA
5:49 Loom
8:47 Feudal Age
11:25 Double-Bit Axe
15:40 Horse Collar
16:42 Fletching
22:58 Castle Age
22:57 Gold Mining
23:05 Crossbowman
23:41 Bodkin Arrow
24:10 Bow Saw
24:03 Pikeman
28:40 Ballistics
34:22 Wheelbarrow
35:19 Thumb Ring
39:16 Padded Archer Armor
39:22 Stone Mining
40:08 Gold Shaft Mining
42:15 Imperial Age
40:03 Hand Cart
41:45 Thumb Ring
41:59 Leather Archer Armor
41:47 Caravan
42:20 Arbalester
43:02 Bracer
44:07 Chemistry
43:39 Ring Archer Armor
44:58 Conscription
44:30 Town Watch
46:38 Hoardings
45:31 Halberdier
46:11 Squires
46:14 Scale Mail Armor
46:24 Forging
46:43 Siege Engineers
47:16 Guard Tower
48:01 Guilds
47:16 Shield Wall
50:23 Chain Mail Armor
50:43 Iron Casting
52:14 Masonry
51:46 Treadmill Crane
52:43 Keep
51:54 Arrowslits
52:05 Murder Holes
59:05 Elite Varangian Guard
60:39 Arson
61:26 Plate Mail Armor
Connection lost

Rejoining the realm…

Still unreachable

The connection could not be restored.

Session expired

The server has moved on; the page needs a fresh start.